 Dungeon Crawl Stone Soup version 0.24-a0-10-gb84795d (webtiles) character file.

Game seed: 6577073401242853322

117273 Amnesiac the Earth Mage (level 16, -6/101 HPs)
             Began as a Demonspawn Earth Elementalist on Feb 1, 2019.
             Was a Believer of Vehumet.
             Mangled by a wolf spider (17 damage)
             ... on level 1 of the Spider Nest.
             The game lasted 01:46:49 (33987 turns).

Amnesiac the Earth Mage (DsEE)                     Turns: 33987, Time: 01:46:50

Health: -6/101     AC: 18    Str: 11    XL:     16   Next: 22%
Magic:  0/44       EV: 14    Int: 26    God:    Vehumet [**....]
Gold:   149        SH:  7    Dex: 14    Spells: 12/45 levels left

rFire    + + +     SeeInvis .   k - staff of earth
rCold    + . .     Gourm    .   H - +2 buckler
rNeg     + . .     Faith    .   B - +6 ring mail "Oxzei" {rPois MP+9 Dex-5}
rPois    +         Spirit   +   J - -2 hat of the Alchemist {rElec rPois rF+ rC+ rN+ MR+ rMut rCorr}
rElec    +         Reflect  .   x - scarf {Spirit}
rCorr    +         Harm     .   I - +1 pair of gloves of Cusongag {MR++ Dex-3}
rMut     +                      j - +2 pair of boots of Fun {rElec Slay+3}
MR       ++++.                  g - amulet of magic regeneration
Stlth    +.........             E - ring "Vafratic" {+Fly rPois EV+2 Dex+7}
HPRegen  0.26/turn              h - +4 ring of intelligence
MPRegen  0.54/turn

@: studying Dodging
A: talons 2, molten scales 3, fire resistance 1, powered by death 1, strong 1,
rot immunity
a: Renounce Religion, Evoke Flight


You were on level 1 of the Spider Nest.
You worshipped Vehumet.
Vehumet was pleased with you.
You were not hungry.

You visited 5 branches of the dungeon, and saw 25 of its levels.
You also visited: Trove, Bailey, Gauntlet and Ice Cave.

You collected 2850 gold pieces.
You spent 2701 gold pieces at shops.

Inventory:

Missiles
 y - 11 stones (quivered)
Armour
 j - the +2 pair of boots of Fun (worn) {rElec Slay+3}
   (You found it in a Gauntlet)

   It affects your accuracy and damage with ranged weapons and melee attacks
   (+3).
   It insulates you from electricity.
 x - a scarf of spirit shield (worn)
 B - the +6 ring mail "Oxzei" (worn) {rPois MP+9 Dex-5}
   (You took it off a kobold in a bailey)

   It affects your dexterity (-5).
   It protects you from poison.
   It affects your magic capacity (+9).
 H - a +2 buckler (worn)
 I - the +1 pair of gloves of Cusongag (worn) {MR++ Dex-3}
   (You bought it in a shop on level 2 of the Orcish Mines)

   It affects your dexterity (-3).
   It affects your resistance to hostile enchantments.
 J - the -2 hat of the Alchemist (worn) {rElec rPois rF+ rC+ rN+ MR+ rMut rCorr}
   (You bought it in a shop on level 2 of the Orcish Mines)

   It protects you from fire.
   It protects you from cold.
   It insulates you from electricity.
   It protects you from poison.
   It protects you from negative energy.
   It affects your resistance to hostile enchantments.
   It provides partial protection from all sources of acid and corrosion.
   It protects you from mutation.
Magical Staves
 a - an uncursed staff of energy
 k - an uncursed staff of earth (weapon)
 C - an uncursed staff of power
 K - an uncursed staff of fire
Jewellery
 g - an amulet of magic regeneration (around neck)
 h - a +4 ring of intelligence (right hand)
 m - an uncursed ring of see invisible
 t - an uncursed ring of wizardry
 E - the ring "Vafratic" (left hand) {+Fly rPois EV+2 Dex+7}
   (You took it off an ogre mage on level 15 of the Dungeon)

   [ring of evasion]

   It affects your evasion (+2).
   It affects your dexterity (+7).
   It protects you from poison.
   It lets you fly.
 F - the ring "Kapt" {Ice +Fly}
   (You found it in an ice cave)

   [ring of ice]

   It enhances your ice magic.
   It makes you vulnerable to fire.
   It protects you from cold.
   It lets you fly.
Wands
 b - a wand of digging (12)
 w - a wand of enslavement (13)
 G - a wand of iceblast (33)
 T - a wand of disintegration (16)
 W - a wand of clouds (5)
Scrolls
 c - a scroll of vulnerability {!r}
 e - 5 scrolls of remove curse {!r}
 l - 7 scrolls of identify {!r}
 n - 2 scrolls of summoning {!r}
 q - 7 scrolls of blinking {!r}
 r - 4 scrolls of magic mapping {!r}
 s - 7 scrolls of amnesia {!r}
 M - 9 scrolls of teleportation {!r}
 S - 5 scrolls of fog {!r}
Potions
 f - a potion of heal wounds {!q}
 i - 6 potions of agility {!q}
 o - 7 potions of curing {!q}
 p - 4 potions of brilliance {!q}
 u - a potion of invisibility {!q}
 z - a potion of cancellation {!q}
 A - 3 potions of haste {!q}
 O - 2 potions of might {!q}
 U - 3 potions of flight {!q}
Books
 v - a manual of Dodging
Miscellaneous
 D - a lamp of fire
 N - a lightning rod (4/4)
 P - a box of beasts
 R - a fan of gales
Comestibles
 d - 51 rations
 L - 7 chunks of flesh


   Skills:
 + Level 2.0 Fighting
 + Level 4.8 Dodging
 - Level 2.0 Stealth
 - Level 4.0 Shields
 + Level 15.1 Spellcasting
 - Level 0.8 Transmutations
 * Level 20.1 Earth Magic
 + Level 1.6 Evocations


You had 12 spell levels left.
You knew the following spells:

 Your Spells              Type           Power        Failure   Level  Hunger
a - Sandblast             Erth           ######       0%          1    None
b - Passwall              Tmut/Erth      #######.     1%          2    None
c - Iron Shot             Conj/Erth      #######...   17%         6    ####...
d - Lee's Rapid Deconstr  Erth           ########..   1%          5    #......
e - Petrify               Tmut/Erth      #######.     1%          4    None
f - Mephitic Cloud        Conj/Pois/Air  ###.....     21%         3    None
g - Shatter               Erth           ########..   87%         9    #######
s - Conjure Flame         Conj/Fire      ###.....     21%         3    None

Your spell library contained the following spells:

 Spells                   Type           Power        Failure   Level  Hunger
 Fire Storm               Conj/Fire      ###.......   100%        9    #######
 Tornado                  Air            ###.......   100%        9    #######
 Stone Arrow              Conj/Erth      ######       1%          3    None
 Animate Skeleton         Necr           N/A          7%          1    None
 Apportation              Tloc           ###...       7%          1    None
 Confusing Touch          Hex            ###...       7%          1    None
 Corona                   Hex            ###....      7%          1    None
 Magic Dart               Conj           ###.         7%          1    None
 Summon Small Mammal      Summ           ###.         7%          1    None
 Ensorcelled Hibernation  Hex/Ice        ###...       10%         2    None
 Poisonous Vapours        Pois/Air       ###...       10%         2    None
 Searing Ray              Conj           ###...       10%         2    None
 Statue Form              Tmut/Erth      #######..    14%         6    ####...
 Confuse                  Hex            ###.....     21%         3    None
 Dazzling Spray           Conj/Hex       ###...       21%         3    None
 Tukima's Dance           Hex            ###.....     21%         3    None
 Force Lance              Conj/Tloc      ###.....     54%         4    None
 Fulminant Prism          Conj/Hex       ###.......   54%         4    None
 Iskenderun's Mystic Bla  Conj           ###.....     54%         4    None
 Irradiate                Conj/Tmut      ###.......   83%         5    #......
 Aura of Abjuration       Summ           ###.......   88%         5    #......
 Summon Mana Viper        Hex/Summ       ###.....     88%         5    #......
 Freezing Cloud           Conj/Ice/Air   ###.......   100%        6    ####...
 Hydra Form               Tmut           ###.......   100%        6    ####...
 Dragon Form              Tmut           ###.......   100%        7    ######.
 Ring of Flames           Chrm/Fire      ###.......   100%        7    ######.
 Spellforged Servitor     Conj/Summ      ###.......   100%        7    ######.
 Dragon's Call            Summ           ###.......   100%        9    #######


Dungeon Overview and Level Annotations

Branches:
Dungeon (15/15)            Temple (1/1) D:5            Lair (6/6) D:8
  Swamp (0/4) Lair:4       Spider (1/4) Lair:2        Slime (0/5) Lair:5
    Orc (2/2) D:9             Elf (0/3) Orc:2        Vaults (0/5) D:14
 Depths (0/5) D:15

Altars:
Ashenzari
Cheibriados
Elyvilon
Fedhas
Gozag
Hepliaklqana
Kikubaaqudgha
Makhleb
Okawaru
Qazlal
Ru
Sif Muna
Trog
Uskayaw
Vehumet
Wu Jian
Xom
Yredelemnul
Zin
The Shining One
Beogh

Shops:
D:6 [   D:11 (   Orc:2 ([=[*

Annotations:
Lair:6 2 transporters, poirepourri's ghost, journeyman DDFi


Innate Abilities, Weirdness & Mutations

You have razor-sharp toenails.
You are completely covered in molten scales. (AC +4, rF+)
You regenerate a little health from kills.
You are immune to rotting.
Your flesh is heat resistant. (rF+)
Your muscles are strong. (Str +2)


Message History

The wolf spider hisses angrily.
The jumping spider hisses angrily.
The moth of wrath's fur bristles in rage as it notices you.
An orb spider comes into view.
A jumping spider comes into view.
You see here a tarantella corpse.
You butcher the tarantella corpse.
The jumping spider leaps!
You see here 3 chunks of flesh.
L - 7 chunks of flesh (gained 3)
You block the wolf spider's attack. x2
The wolf spider hits you.
The wolf spider bites you but does no damage.
The moth of wrath goads something on!
Casting: Sandblast (safe; 0% risk of failure)
Confirm with . or Enter, or press ? or * to list all spells.
Aiming: Lee's Rapid Deconstruction (safe; 1% risk of failure)
Press: ? - help, Dir - move target cursor A rock wall.
You feel a surge of power!
The wall shatters!
The blast of rock fragments hits the wolf spider!!!
The wolf spider is almost dead.
The blast of rock fragments hits the moth of wrath!!!
You kill the moth of wrath!
Vehumet accepts your kill.
Your Fighting skill increases to level 2!
You hear an angry hiss. x3
The wolf spider hits you. The wolf spider bites you!
Unknown command.
Casting: Lee's Rapid Deconstruction (safe; 1% risk of failure)
Confirm with . or Enter, or press ? or * to list all spells.
You don't have enough magic to cast that spell.
Unknown command.
You barely miss the wolf spider.
The wolf spider is severely wounded.
The wolf spider hits you but does no damage.
The wolf spider misses you. The wolf spider hits you!
You block the wolf spider's attack. The wolf spider hits you.
The wolf spider misses you. The wolf spider hits you!
* * * LOW HITPOINT WARNING * * *
The wolf spider bites you but does no damage.
Casting: Lee's Rapid Deconstruction (safe; 1% risk of failure)
Confirm with . or Enter, or press ? or * to list all spells.
Okay, then.
Evoke which item? (* to show all) (? for menu, Esc to quit)
Aiming: Iceblast
Press: ? - help, Shift-Dir - straight line
Okay, then.
The jumping spider leaps!
The wolf spider closely misses you. x3
The wolf spider misses you.
Evoke which item? (* to show all) (? for menu, Esc to quit)
Aiming: Iceblast
Press: ? - help, Shift-Dir - straight line The mass of ice explodes!
The iceblast engulfs the wolf spider!
The wolf spider is severely wounded.
The iceblast engulfs the jumping spider!!
The jumping spider is heavily wounded.
The iceblast engulfs the orb spider!
The orb spider is moderately wounded.
You hear an angry hiss.
The wolf spider hits you!!
* * * LOW HITPOINT WARNING * * *
The wolf spider closely misses you. You block the wolf spider's attack.
The wolf spider bites you!
* * * LOW HITPOINT WARNING * * *
The jumping spider leaps!
The wolf spider hits you!!
You die...

## .. #....# ≈≈ ...#.....
####≈ ....... ##.≈≈ .....
#...##.. ## #.s. #...≈≈#.
#. #..### ###..###..
#..#....####.#..#.#..
#..#@s.##..#....#.... #
##..#s.....###..##.... .#.
#..##○†....#.#..#^.### ....
#...##s..###.<........
#....#...#.†.#≈.#††.....†..
..##.!.s.#...#.†.^.######..
#.≈..†..................#≈.
###.....s.##^...##.......#
#####†s..#.....≈........


You could see 2 wolf spiders, an orb spider and a jumping spider.

Vanquished Creatures
  Rupert (D:14)
  A frost giant (IceCv)
  3 orc warlords
  An entropy weaver (Spider:1)
  Nessos (Lair:5)
  A minotaur (Gauntlet)
  5 ogre magi (D:15)
  A vault guard (D:14)
  5 hydras
  26 two-headed ogres
  A centaur warrior (D:15)
  2 death yaks
  The ghost of Voker57 the Carver, a novice DsGl of Hepliaklqana (D:9)
  An orc high priest (Orc:1)
  Nergalle (D:10)
  4 skeletal warriors (D:15)
  2 unseen horrors
  A wizard (D:15)
  4 orc knights
  6 ugly things
  3 deep elf magi
  Pikel (D:7)
  4 orc sorcerers
  An oklob plant (Orc:1)
  3 orb spiders
  2 manticores
  2 cyclopes
  A wolf spider (Spider:1)
  3 elephants (Lair:2)
  A moth of wrath (Spider:1)
  Joseph (D:8)
  2 naga magi (D:15)
  5 black mambas
  3 gargoyles
  Maurice (D:8)
  2 efreet
  2 ice statues
  6 komodo dragons
  8 spiny frogs
  A kobold demonologist (D:15)
  A demonic crawler (Spider:1)
  A freezing wraith (D:15)
  6 rime drakes
  2 ice devils (Lair:2)
  A harpy zombie (D:14)
  4 jumping spiders (Spider:1)
  18 polar bears
  4 trolls
  3 meliai (D:13)
  10 blink frogs
  Prince Ribbit (D:7)
  7 dream sheep (Lair:4)
  Grinder (D:6)
  20 hippogriffs
  2 bog bodies (Lair:4)
  11 slime creatures
  3 shadows
  2 spriggans
  6 tarantellas (Spider:1)
  2 vampires
  8 redbacks (Spider:1)
  40 yaks
  4 basilisks
  A fire elemental (Gauntlet)
  2 hungry ghosts
  2 vampire mosquitoes (D:15)
  27 wargs
  Edmund (D:6)
  A soldier ant (D:11)
  2 acid dragons
  16 water moccasins
  13 porcupines
  2 hell hounds (Gauntlet)
  46 orc warriors
  7 ice beasts
  4 sky beasts
  3 black bears (D:8)
  A phantom (D:12)
  A necrophage (D:9)
  A hornet zombie (D:15)
  4 slaves (D:8)
  13 wolves
  An eye of draining (D:12)
  21 ogres
  15 centaurs
  3 boggarts (D:15)
  14 crocodiles
  2 big kobolds
  17 bullfrogs
  A gnoll sergeant (D:8)
  A water moccasin skeleton (D:10)
  16 killer bees
  11 wights
  An electric eel (Lair:1)
  2 howler monkeys
  7 crimson imps
  A quasit (D:9)
  3 bullfrog zombies
  5 centaur zombies
  12 centaur skeletons
  5 hounds
  A bullfrog skeleton (D:8)
  35 orc wizards
  21 orc priests
  6 jellies
  4 iguanas
  Terence (D:2)
  9 worker ants
  2 hound zombies
  A hound skeleton (D:4)
  A howler monkey zombie (D:6)
  4 worker ant zombies
  16 adders
  12 gnolls
  5 shadow imps
  2 white imps (D:9)
  3 oozes
  5 adder skeletons
  An adder zombie (D:8)
  2 worms
  6 leopard geckos
  147 orcs
  A ball python (D:7)
  4 bats
  9 giant cockroaches
  7 goblins
  6 hobgoblins
  10 jackals
  9 quokkas
  A ball python skeleton (D:4)
  4 frilled lizards
  A jackal skeleton (D:4)
  26 kobolds
  2 quokka simulacra (D:9)
  A quokka skeleton (D:6)
  A quokka zombie (D:9)
  8 rats
  3 fungi
  A plant (Lair:1)
940 creatures vanquished.

Vanquished Creatures (others)
  A komodo dragon (Lair:5)
  4 wolves (IceCv)
  A kobold (D:12)
  4 fungi
  8 plants (D:8)
  4 withered plants (Gauntlet)
22 creatures vanquished.

Grand Total: 962 creatures vanquished

Notes
Turn   | Place    | Note
-------+----------+-------------------------------------------
     0 | D:1      | Amnesiac the Demonspawn Earth Elementalist began the quest
                  | for the Orb.
     0 | D:1      | Reached XP level 1. HP: 13/13 MP: 3/3
   449 | D:1      | Reached skill level 3 in Earth Magic
   745 | D:1      | Gained mutation: You are partially covered in molten
                  | scales. (AC +2) [demonic ancestry]
   745 | D:1      | Reached XP level 2. HP: 19/19 MP: 5/5
   751 | D:1      | Learned a level 2 spell: Passwall
  1377 | D:2      | Reached XP level 3. HP: 20/24 MP: 6/6
  2147 | D:4      | Reached skill level 4 in Earth Magic
  2147 | D:4      | Gained mutation: You have sharp toenails. [demonic
                  | ancestry]
  2147 | D:4      | Reached XP level 4. HP: 30/30 MP: 5/8
  2158 | D:4      | Learned a level 4 spell: Petrify
  2168 | D:4      | Noticed an ogre
  2176 | D:4      | Killed an ogre
  2176 | D:4      | Gained mutation: You are immune to rotting. [demonic
                  | ancestry]
  2176 | D:4      | Reached XP level 5. HP: 35/35 MP: 5/9
  2317 | D:4      | Reached skill level 5 in Earth Magic
  2400 | D:4      | Noticed an ogre
  2407 | D:4      | Killed an ogre
  2407 | D:4      | Gained mutation: You are mostly covered in molten scales.
                  | (AC +3) [demonic ancestry]
  2407 | D:4      | Reached XP level 6. HP: 2/41 MP: 5/11
  2803 | D:4      | Reached skill level 6 in Earth Magic
  2861 | D:4      | Reached XP level 7. HP: 42/46 MP: 13/13
  3482 | D:5      | Entered Level 5 of the Dungeon
  3501 | D:5      | Learned a level 5 spell: Lee's Rapid Deconstruction
  3918 | D:5      | Reached skill level 7 in Earth Magic
  4040 | D:5      | Found a staircase to the Ecumenical Temple.
  4048 | Temple   | Entered the Ecumenical Temple
  4132 | Temple   | Became a worshipper of Vehumet
  4779 | D:2      | Reached skill level 5 in Spellcasting
  4899 | D:2      | Noticed Terence
  4917 | D:2      | Killed Terence
  5932 | D:5      | Found a burning altar of Makhleb.
  6046 | D:5      | Gained mutation: You have razor-sharp toenails. [demonic
                  | ancestry]
  6046 | D:5      | Reached XP level 8. HP: 44/52 MP: 12/15
  6524 | D:6      | Reached skill level 8 in Earth Magic
  6562 | D:6      | Found Zeohug's Armour Shop.
  6693 | D:6      | Noticed Grinder
  6694 | D:6      | Noticed Edmund
  6706 | D:6      | Paralysed by Grinder for 3 turns
  6709 | D:6      | Killed Grinder
  6743 | D:6      | Killed Edmund
  6978 | D:6      | Found a shimmering altar of Xom.
  6998 | D:6      | Found a shattered altar of Ashenzari.
  7130 | D:7      | Reached * piety under Vehumet
  7130 | D:7      | Offered knowledge of Shock by Vehumet.
  7130 | D:7      | Reached skill level 9 in Earth Magic
  7200 | D:7      | Found an ornate altar of the Wu Jian Council.
  7248 | D:7      | Reached XP level 9. HP: 46/57 MP: 16/18
  7633 | D:7      | Found a flagged portal.
  7673 | Bailey   | Entered a bailey
  7726 | Bailey   | Identified the +6 ring mail "Oxzei" {rPois MP+9 Dex-5}
  7729 | Bailey   | Noticed an orc knight
  8150 | Bailey   | Reached skill level 10 in Earth Magic
  8382 | Bailey   | Offered knowledge of Magic Dart by Vehumet.
  8431 | Bailey   | Killed an orc knight
  8431 | Bailey   | Reached ** piety under Vehumet
  8854 | D:7      | Noticed Prince Ribbit
  8865 | D:7      | Killed Prince Ribbit
  8865 | D:7      | Reached skill level 11 in Earth Magic
  8932 | D:7      | Reached XP level 10. HP: 63/63 MP: 17/21
  9032 | D:8      | Noticed a two-headed ogre
  9046 | D:8      | Killed a two-headed ogre
  9290 | D:8      | Noticed Maurice
  9307 | D:8      | Killed Maurice
  9316 | D:8      | Offered knowledge of Mephitic Cloud by Vehumet.
  9399 | D:8      | Reached skill level 1 in Shields
  9423 | D:8      | Reached *** piety under Vehumet
  9541 | D:8      | Reached skill level 12 in Earth Magic
  9568 | D:8      | Offered knowledge of Iskenderun's Mystic Blast by Vehumet.
  9795 | D:8      | Noticed Joseph
 10075 | D:8      | Noticed Pikel
 10105 | D:7      | Killed Pikel
 10105 | D:7      | Reached **** piety under Vehumet
 10306 | D:8      | Reached XP level 11. HP: 68/68 MP: 14/24
 10312 | D:8      | Found a staircase to the Lair.
 10341 | D:8      | Offered knowledge of Sticky Flame by Vehumet.
 10547 | D:8      | Got a jewelled scale mail
 10565 | D:8      | Identified the cursed +0 scale mail of the Peasants {rElec
                  | rC- Dex+6} (You found it on level 8 of the Dungeon)
 11164 | D:8      | Noticed an orc warlord
 11307 | D:8      | Reached ***** piety under Vehumet
 11375 | D:8      | Offered knowledge of Orb of Destruction by Vehumet.
 11681 | D:8      | Killed an orc warlord
 11681 | D:8      | Reached skill level 13 in Earth Magic
 11998 | D:8      | Noticed a two-headed ogre
 12008 | D:8      | Killed a two-headed ogre
 12077 | D:8      | Killed Joseph
 12189 | D:8      | Noticed an orc knight
 12212 | D:8      | Killed an orc knight
 12360 | D:9      | Found a runed translucent gate.
 12360 | D:9      | Found a runed translucent gate.
 12361 | D:9      | Found a runed translucent gate.
 12460 | D:9      | Noticed Voker57's ghost (novice DsGl)
 12491 | D:9      | Reached skill level 10 in Spellcasting
 12677 | D:9      | Found a sacrificial altar of Ru.
 13188 | D:9      | Found a staircase to the Orcish Mines.
 13423 | D:9      | Offered knowledge of Iron Shot by Vehumet.
 13449 | D:9      | Killed Voker57's ghost
 13449 | D:9      | Reached skill level 14 in Earth Magic
 13562 | D:9      | Got a faintly glowing longbow
 13567 | D:9      | Got the ring "Berimpe" {Fire}
 13569 | D:9      | Identified the ring "Berimpe" {Fire Int-4 Dex+6} (You found
                  | it on level 9 of the Dungeon)
 13592 | D:9      | Reached XP level 12. HP: 35/74 MP: 22/26
 13600 | D:9      | Learned a level 6 spell: Iron Shot
 13714 | D:10     | Entered Level 10 of the Dungeon
 13944 | D:10     | Noticed Nergalle
 13964 | D:10     | Killed Nergalle
 15284 | D:11     | Found Pujutwum's Weapon Shoppe.
 15352 | D:11     | Identified the cursed +1 longbow "Lostot" {venom, rPois
                  | Dex-3 Stlth+} (You found it on level 9 of the Dungeon)
 15968 | D:12     | Noticed a seven-headed hydra
 16170 | D:11     | Offered knowledge of Bolt of Magma by Vehumet.
 16228 | D:12     | Reached skill level 15 in Earth Magic
 16248 | D:12     | Killed a seven-headed hydra
 16749 | D:12     | Got an iridescent mace
 16756 | D:12     | Identified the +4 mace "Newtslayer" {protect, Dex+4} (You
                  | found it on level 12 of the Dungeon)
 17559 | D:13     | Reached XP level 13. HP: 79/79 MP: 28/28
 18239 | D:14     | Offered knowledge of Iskenderun's Battlesphere by Vehumet.
 18244 | D:14     | Reached skill level 16 in Earth Magic
 18433 | D:14     | Found a gate leading to a gauntlet.
 18442 | Gauntlet | Entered a Gauntlet
 18442 | Gauntlet | Found a transporter.
 18451 | Gauntlet | Found a transporter.
 18451 | Gauntlet | Found a transporter.
 18460 | Gauntlet | Found a transporter.
 18462 | Gauntlet | Found a transporter.
 18472 | Gauntlet | Found a transporter.
 18487 | Gauntlet | Found a transporter.
 18497 | Gauntlet | Found a transporter.
 18507 | Gauntlet | Found a transporter.
 18508 | Gauntlet | Found a runed translucent door.
 18511 | Gauntlet | Found a runed translucent door.
 18523 | Gauntlet | Found a transporter.
 18532 | Gauntlet | Found a transporter.
 18534 | Gauntlet | Found a transporter.
 18594 | Gauntlet | Found a transporter.
 18597 | Gauntlet | Found a transporter.
 19107 | Gauntlet | Got a pair of brightly glowing boots
 19116 | Gauntlet | Got an ancient robe
 19127 | Gauntlet | Identified the +2 pair of boots of Fun {rElec Slay+3} (You
                  | found it in a Gauntlet)
 19155 | Gauntlet | Identified the +1 robe "Udghyxioxy" {Regen+ Int+3 Dex-4}
                  | (You found it in a Gauntlet)
 19159 | Gauntlet | Learned a level 3 spell: Conjure Flame
 19163 | Gauntlet | Learned a level 3 spell: Mephitic Cloud
 19208 | Gauntlet | Noticed a minotaur
 19213 | Gauntlet | Killed a minotaur
 19553 | D:14     | Noticed Rupert
 19639 | D:14     | Killed Rupert
 19675 | D:14     | Found a portal to a secret trove of treasure.
 19909 | D:14     | Found a gate to the Vaults.
 20093 | D:15     | Entered Level 15 of the Dungeon
 20332 | D:15     | Reached skill level 17 in Earth Magic
 20511 | D:15     | Gained mutation: You regenerate a little health from kills.
                  | [demonic ancestry]
 20511 | D:15     | Reached XP level 14. HP: 78/85 MP: 30/30
 20809 | D:15     | Identified the ring "Vafratic" {+Fly rPois EV+2 Dex+7}
 21085 | D:15     | Paralysed by an orc sorcerer for 5 turns
 21208 | D:15     | Found a staircase to the Depths.
 21541 | D:15     | Reached skill level 18 in Earth Magic
 21542 | D:15     | Offered knowledge of Bolt of Fire by Vehumet.
 21553 | D:15     | Reached ****** piety under Vehumet
 21567 | D:15     | Identified the +1 leather armour of the Arcane {Str+2
                  | Dex+2}
 22263 | Orc:1    | Entered Level 1 of the Orcish Mines
 22282 | Orc:1    | Noticed an orc warlord
 22360 | D:9      | Killed an orc warlord
 23146 | Orc:2    | Entered Level 2 of the Orcish Mines
 23189 | Orc:1    | Offered knowledge of Conjure Ball Lightning by Vehumet.
 23434 | D:11     | Bought 18 stones for 25 gold pieces
 23434 | D:11     | Bought 13 stones for 18 gold pieces
 23561 | Orc:2    | Reached XP level 15. HP: 90/90 MP: 32/32
 24111 | Orc:2    | Found a roughly hewn altar of Beogh.
 24326 | Orc:2    | Found Ylopetot's Jewellery Boutique.
 24538 | Orc:2    | Found a roughly hewn altar of Beogh.
 24746 | Orc:2    | Found a roughly hewn altar of Beogh.
 24895 | Orc:2    | Noticed an orc warlord
 24920 | Orc:2    | Killed an orc warlord
 25368 | Orc:2    | Found a roughly hewn altar of Beogh.
 25374 | Orc:2    | Found Kaneju's General Store.
 25379 | Orc:2    | Bought a scroll of enchant armour for 105 gold pieces
 25379 | Orc:2    | Bought a +2 ring of protection for 140 gold pieces
 25465 | Orc:2    | Found a roughly hewn altar of Beogh.
 25465 | Orc:2    | Found Woxotsyi's Antique Armour Boutique.
 25666 | Orc:2    | Found Udwair's Antique Armour Shoppe.
 25667 | Orc:2    | Found a roughly hewn altar of Beogh.
 25674 | Orc:2    | Found Ypoa's Antique Weapon Emporium.
 25815 | Orc:2    | Found a staircase to the Elven Halls.
 25927 | Orc:2    | Found a roughly hewn altar of Beogh.
 25969 | Orc:2    | Bought a glowing scarf for 216 gold pieces
 25969 | Orc:2    | Bought a pair of faintly glowing gloves for 256 gold pieces
 25979 | Orc:2    | Identified the +1 pair of gloves of Cusongag {MR++ Dex-3}
                  | (You bought it in a shop on level 2 of the Orcish Mines)
 26033 | Orc:2    | Bought an encrusted cloak for 285 gold pieces
 26033 | Orc:2    | Bought a glowing scarf for 240 gold pieces
 26043 | Orc:2    | Identified the +0 cloak "Yhacruac" {rCorr} (You bought it
                  | in a shop on level 2 of the Orcish Mines)
 26149 | Lair:1   | Entered Level 1 of the Lair of Beasts
 26159 | Lair:1   | Reached skill level 19 in Earth Magic
 26172 | Lair:1   | Offered knowledge of Spellforged Servitor by Vehumet.
 27038 | Lair:2   | Found a hole to the Spider Nest.
 27333 | Lair:2   | Found a frozen archway.
 27393 | IceCv    | Entered an ice cave
 27599 | IceCv    | Offered knowledge of Fire Storm by Vehumet.
 27599 | IceCv    | Offered knowledge of Shatter by Vehumet.
 27599 | IceCv    | Offered knowledge of Tornado by Vehumet.
 28368 | IceCv    | Noticed a frost giant
 28671 | IceCv    | Killed a frost giant
 28835 | IceCv    | Got a smoking shortbow
 28851 | IceCv    | Got a faintly glowing wooden ring
 28882 | IceCv    | Identified the +8 shortbow "Walier" {freeze, *Slow rElec
                  | rC+ Int+4 Dex+4} (You found it in an ice cave)
 28900 | Lair:2   | Identified the ring "Kapt" {Ice +Fly} (You found it in an
                  | ice cave)
 28916 | Lair:2   | Learned a level 9 spell: Shatter
 29157 | Trove    | Identified a paperback manual
 29157 | Trove    | Entered a treasure trove
 29164 | Trove    | Identified the Papyrus of Companions
 31614 | Lair:4   | Found a staircase to the Swamp.
 31637 | Lair:4   | Gained mutation: You are frail. (-10% HP) [mutagenic glow]
 32091 | Lair:5   | Found a staircase to the Slime Pits.
 32093 | Lair:5   | Noticed Nessos
 32102 | Lair:5   | Killed Nessos
 32831 | Lair:6   | Entered Level 6 of the Lair of Beasts
 32963 | Lair:6   | Found the +2 hat of the Bear Spirit {Spirit, +Rage rN+
                  | MR++}
 32973 | Lair:6   | Noticed poirepourri's ghost (journeyman DDFi)
 32975 | Lair:6   | Found a transporter.
 32994 | Lair:6   | Got a translucent scale mail
 33006 | Lair:6   | Identified the +2 scale mail "Hihegox" {Dex+3} (You found
                  | it on level 6 of the Lair of Beasts)
 33026 | Lair:6   | Found a transporter.
 33085 | Lair:6   | Gained mutation: You are completely covered in molten
                  | scales. (AC +4, rF+) [demonic ancestry]
 33085 | Lair:6   | Reached XP level 16. HP: 86/86 MP: 32/34
 33194 | Lair:6   | Reached skill level 20 in Earth Magic
 33260 | Lair:6   | Reached skill level 15 in Spellcasting
 33371 | Lair:5   | Reached skill level 1 in Fighting
 33380 | Lair:5   | Gained mutation: You are very frail. (-20% HP) [mutagenic
                  | glow]
 33526 | Lair:3   | Lost mutation: You are very frail. (-20% HP) [potion of
                  | mutation]
 33526 | Lair:3   | Lost mutation: You are frail. (-10% HP) [potion of
                  | mutation]
 33526 | Lair:3   | Gained mutation: Your flesh is heat resistant. (rF+)
                  | [potion of mutation]
 33526 | Lair:3   | Gained mutation: Your muscles are strong. (Str +2) [potion
                  | of mutation]
 33696 | Orc:2    | Bought the -2 hat of the Alchemist {rElec rPois rF+ rC+ rN+
                  | MR+ rMut rCorr} for 1416 gold pieces
 33696 | Orc:2    | Found the -2 hat of the Alchemist {rElec rPois rF+ rC+ rN+
                  | MR+ rMut rCorr}
 33856 | Spider:1 | Entered Level 1 of the Spider Nest
 33865 | Spider:1 | Reached skill level 1 in Evocations
 33987 | Spider:1 | Mangled by a wolf spider

Vault maps used:
D:1:      dpeg_arrival_tiny_b
D:2:      first_ration, uniq_terence
D:4:      minmay_chambers_of_fours
D:5:      overflow_temple_1_default, minmay_temple_entry_overgrown
D:6:      amethyst_overflow_temple_binary, serial_shops, shop_fountains,
          uniq_edmund, uniq_grinder
D:7:      old_standard_altar, enter_bailey_8, chequers_decorated_corner,
          bh_walls_and_bars, uniq_prince_ribbit1
D:8:      lemuel_castle_with_subvaults, minmay_lair_entry_grove, uniq_pikel,
          uniq_maurice, uniq_joseph
D:9:      hangedman_ru_absence, minmay_orc_entry_guard_dogs, gammafunk_ghost_icy
D:10:     uniq_nergalle
D:11:     serial_shops, shop, the_bakery, dk_vineyard_1
D:14:     david_vaults_5, small_statue_intersection, gauntlet_entry_generic,
          trove_entry_hex_spiral, uniq_rupert
D:15:     grunt_enter_depths_magical_seal, minivault_26, drop_trap,
          minmay_misc_feat_nine_boxes
Temple:   minmay_crystal_spiral_temple
Lair:1:   serial_bayou_pond_a
Lair:2:   nicolae_spider_entry_orb_guardian, portal_ice_cave_demonic_guard,
          cheibrodos_lair_caveside_slide
Lair:3:   lemuel_fruit_tree
Lair:4:   skrybe_swamp_entry_bodies
Lair:5:   nicolae_slime_entry_slimehenge, serial_bayou_pond_a, minivault_25,
          uniq_nessos
Lair:6:   minmay_lair_end_enchanted_forest, gammafunk_ghost_arena, st_stairs_3,
          lemuel_old_faithful
Orc:1:    mines3_lemuel
Orc:2:    grunt_orc_community_town_hall, grunt_orc_community_big_house_2,
          grunt_orc_community_big_house_1, grunt_orc_community_house_3,
          grunt_orc_community_house_2, grunt_orc_community_house_2,
          grunt_orc_community_house_1, grunt_orc_community_house_2,
          grunt_orc_community_house_3, serial_shops, shop_fountains
Trove:    trove_books_scrolls
Bailey:   bailey_axe_4, bailey
IceCv:    ice_cave_caverns_02
Gauntlet: minmay_gauntlet_77_tree

Skill      XL: |  1  2  3  4  5  6  7  8  9 10 11 12 13 14 15 16 |
---------------+-------------------------------------------------+-----
Earth Magic    | 3 4 5 6 7 9 11 12 14 15 17 18 19 20 | 20.1
Spellcasting   | 3 4 5 6 7 9 10 11 12 13 14 15 | 15.1
Stealth        | 2 |  2.0
Shields        | 3 4 |  4.0
Dodging        | 4 |  4.8
Fighting       | 2 |  2.0
Evocations     | 1 |  1.6
Transmutations | |  0.8

Action                   |  1- 3 |  4- 6 |  7- 9 | 10-12 | 13-15 | 16-18 || total
-------------------------+-------+-------+-------+-------+-------+-------++-------
Melee: Unarmed           |    21 |       |       |       |       |       ||    21
       Hand axe          |   145 |       |       |       |       |       ||   145
       Long sword        |     2 |    79 |   124 |       |       |       ||   205
       Dagger            |       |       |   257 |   142 |       |       ||   399
       Scimitar          |       |       |       |    80 |       |       ||    80
       Staff             |       |       |       |     9 |    33 |    13 ||    55
       Demon blade       |       |       |       |       |   143 |       ||   143
 Cast: Sandblast         |    19 |    18 |    29 |   128 |   313 |    33 ||   540
       Petrify           |       |       |    27 |    44 |    15 |       ||    86
       Passwall          |       |       |     7 |     3 |     2 |       ||    12
       Lee's Rapid Decon |       |       |    38 |   220 |   333 |    24 ||   615
       Iron Shot         |       |       |       |       |   114 |     9 ||   123
       Conjure Flame     |       |       |       |       |     1 |       ||     1
 Abil: Evoke Flight      |       |       |     5 |     1 |       |       ||     6
Evoke: Wand              |       |       |       |     3 |     8 |     1 ||    12
       Lightning rod     |       |       |       |       |    11 |       ||    11
  Use: Scroll            |     3 |       |     9 |     9 |    14 |       ||    35
       Potion            |       |       |     3 |     3 |     3 |     1 ||    10
 Stab: Sleeping          |     5 |       |     7 |     1 |       |       ||    13
       Petrified         |       |       |    69 |    63 |     4 |       ||   136
       Petrifying        |       |       |    10 |     5 |       |       ||    15
       Distracted        |       |       |       |     2 |       |       ||     2
  Eat: Chunk             |     4 |     3 |    22 |    39 |    49 |     6 ||   123
       Ration            |       |       |     3 |       |     5 |       ||     8
Armor: Robe              |    54 |       |       |       |    14 |       ||    68
       Leather armour    |     9 |    47 |   156 |    69 |       |       ||   281
       Ring mail         |       |       |       |    99 |   246 |    22 ||   367
Dodge: Dodged            |   114 |    65 |   218 |   179 |   265 |    37 ||   878
Block: Buckler           |       |       |       |    88 |   119 |    21 ||   228
       Rpst.: Long sword |     2 |    21 |    23 |       |       |       ||    46
       Scimitar          |       |       |       |     8 |       |       ||     8
       Demon blade       |       |       |       |       |    30 |       ||    30

Table legend:
 A = Non-vault XP
 B = Vault XP
 C = Vault XP percentage of total XP
 D = Non-vault monster count
 E = Vault monster count
 F = Vault count percentage of total count
                 A         B        C        D         E       F
            +---------+---------+-------+---------+---------+-------
      Total |  114461 |   53072 |  31.7 |     649 |     283 |  30.4
            +---------+---------+-------+---------+---------+-------
        D:1 |      27 |       0 |   0.0 |      18 |       0 |   0.0
        D:2 |      59 |      36 |  37.9 |      19 |       1 |   5.0
        D:3 |      98 |       0 |   0.0 |      19 |       0 |   0.0
        D:4 |     479 |     323 |  40.3 |      25 |       6 |  19.4
        D:5 |     671 |       0 |   0.0 |      17 |       0 |   0.0
        D:6 |     305 |     431 |  58.6 |      13 |       2 |  13.3
        D:7 |    1073 |     861 |  44.5 |      20 |       2 |   9.1
        D:8 |    3923 |    7785 |  66.5 |      50 |      68 |  57.6
        D:9 |    4182 |    2275 |  35.2 |      35 |      13 |  27.1
       D:10 |    2356 |     796 |  25.3 |      33 |       1 |   2.9
       D:11 |    3573 |     224 |   5.9 |      29 |       1 |   3.3
       D:12 |    5969 |       0 |   0.0 |      26 |       0 |   0.0
       D:13 |    5643 |       0 |   0.0 |      24 |       0 |   0.0
       D:14 |   10356 |    3879 |  27.2 |      23 |       2 |   8.0
       D:15 |   30227 |    7538 |  20.0 |      65 |      11 |  14.5
     Lair:1 |    4824 |       0 |   0.0 |      23 |       0 |   0.0
     Lair:2 |    5733 |    1258 |  18.0 |      23 |       3 |  11.5
     Lair:3 |    3865 |       0 |   0.0 |      18 |       0 |   0.0
     Lair:4 |    4143 |     518 |  11.1 |      15 |       2 |  11.8
     Lair:5 |    2756 |    1317 |  32.3 |      11 |       6 |  35.3
     Lair:6 |    7510 |    1295 |  14.7 |      24 |       6 |  20.0
   Spider:1 |    8192 |       0 |   0.0 |      24 |       0 |   0.0
      Orc:1 |    3870 |     572 |  12.9 |      49 |       1 |   2.0
      Orc:2 |    4627 |    6683 |  59.1 |      46 |      76 |  62.3
     Bailey |       0 |    1761 | 100.0 |       0 |      27 | 100.0
      IceCv |       0 |   12196 | 100.0 |       0 |      46 | 100.0
   Gauntlet |       0 |    3324 | 100.0 |       0 |       9 | 100.0
            +---------+---------+-------+---------+---------+-------
